 Dungeon Crawl Stone Soup version 0.28.0-43-g3370ac3207 (webtiles) character file.

Game seed: 958091812042441575

88902 Ablot the Thaumaturge (level 15, -10/119 HPs)
             Began as a Gnoll Warper on Mar 1, 2022.
             Was the Champion of Okawaru.
             Killed from afar by a thorn hunter (32 damage)
             ... with a volley of thorns
             ... on level 1 of the Snake Pit.
             The game lasted 02:39:01 (26531 turns).

Ablot the Thaumaturge (Gnoll Warper)               Turns: 26531, Time: 02:39:01

Health: -10/119    AC: 19    Str: 25    XL:     15   Next: 95%
Magic:  11/21      EV: 15    Int: 31    God:    Okawaru [******]
Gold:   1588       SH: 18    Dex: 12    Spells: 12/37 levels left

rFire   + + .      SeeInvis +   c - +5 war axe of Amortisation {drain, rElec rC- Str+4 Stlth+}
rCold   + + .      Faith    .   i - +2 shield of Resistance {rF++ rC++ Will++}
rNeg    . . .      Spirit   .   b - +2 robe "Dyeblyfe" {rElec Str+4 Int+2 Slay+3}
rPois   +          Reflect  +   q - +2 hat {SInv}
rElec   +          Harm     .   D - +0 cloak "Otwokunu" {rF+ rC- Int+4}
rCorr   .          Rampage  .   C - +3 pair of gauntlets of War {Slay+5}
Will    +++..                   x - +1 pair of boots "Juxkoj" {rC+ MP-9 Int+8 Stlth+}
Stlth   ++++++....              f - amulet of reflection
HPRegen 0.29/turn               m - ring of poison resistance
MPRegen 0.17/turn               B - ring of the Lotus Blossom {rF- rC+ AC+4 Int+4}

@: confusing by touch
A: fangs 1, strong nose, distributed training
a: Renounce Religion, Heroism, Finesse, Duel


You were on level 1 of the Snake Pit.
You worshipped Okawaru.
Okawaru was exalted by your worship.
You visited 4 branches of the dungeon, and saw 22 of its levels.
You also visited: Bailey and Gauntlet.

You collected 3352 gold pieces.
You spent 1764 gold pieces at shops.

Inventory:

Hand Weapons
 c - the +5 war axe of Amortisation (weapon) {drain, rElec rC- Str+4 Stlth+}
   (You found it on level 5 of the Dungeon)

   A truly terrible weapon, it drains the life of any living foe it strikes.
   Str:       It affects your strength (+4).
   rC:        It makes you vulnerable to cold.
   rElec:     It insulates you from electricity.
   Stlth:     It makes you more stealthy.
 U - a +4 scimitar of flaming
Missiles
 g - 744 stones
 k - 405 arrows
 o - 238 bolts
 r - 2 silver javelins (quivered)
 y - 3 atropa-tipped darts
 G - 7 curare-tipped darts
 R - 191 sling bullets
Armour
 b - the +2 robe "Dyeblyfe" (worn) {rElec Str+4 Int+2 Slay+3}
   (You found it on level 5 of the Dungeon)

   Str:       It affects your strength (+4).
   Int:       It affects your intelligence (+2).
   Slay:      It affects your accuracy & damage with ranged weapons and melee
   (+3).
   rElec:     It insulates you from electricity.
 i - the +2 shield of Resistance (worn) {rF++ rC++ Will++}
   (You bought it in a shop on level 9 of the Dungeon)

   rF:        It greatly protects you from fire.
   rC:        It greatly protects you from cold.
   Will:      It greatly increases your willpower.
 q - a +2 hat of see invisible (worn)
 x - the +1 pair of boots "Juxkoj" (worn) {rC+ MP-9 Int+8 Stlth+}
   (Okawaru gifted it to you on level 12 of the Dungeon)

   Int:       It affects your intelligence (+8).
   rC:        It protects you from cold.
   MP:        It affects your magic capacity (-9).
   Stlth:     It makes you more stealthy.
 C - the +3 pair of gauntlets of War (worn) {Slay+5}
   (You bought it in a shop on level 7 of the Dungeon)

   Slay:      It affects your accuracy & damage with ranged weapons and melee
   (+5).
 D - the +0 cloak "Otwokunu" (worn) {rF+ rC- Int+4}
   (Okawaru gifted it to you on level 1 of the Lair of Beasts)

   Int:       It affects your intelligence (+4).
   rF:        It protects you from fire.
   rC:        It makes you vulnerable to cold.
Jewellery
 f - an amulet of reflection (around neck)
 h - a ring of protection from fire
 m - a ring of poison resistance (left hand)
 B - the ring of the Lotus Blossom (right hand) {rF- rC+ AC+4 Int+4}
   (You found it on level 3 of the Dungeon)

   [ring of protection]

   AC:        It affects your AC (+4).
   Int:       It affects your intelligence (+4).
   rF:        It makes you vulnerable to fire.
   rC:        It protects you from cold.
 E - a ring of positive energy
 K - the ring "Tyolot" {MP+9 Dex+3}
   (You found it in a Gauntlet)

   [ring of magical power]

   Dex:       It affects your dexterity (+3).
   MP:        It affects your magic capacity (+9).
 S - a ring of resist corrosion
 Z - the ring "Oddiajiza" {Fly rC+}
   (You found it on level 8 of the Dungeon)

   [ring of flight]

   rC:        It protects you from cold.
   Fly:       It grants you flight.
Wands
 l - a wand of digging (6)
 w - a wand of paralysis (4)
 F - a wand of flame (15)
 W - a wand of iceblast (23)
Scrolls
 a - 2 scrolls of magic mapping
 j - 4 scrolls of holy word
 n - 4 scrolls of enchant weapon
 u - 13 scrolls of teleportation
 H - 5 scrolls of fog
 L - 3 scrolls of torment
 M - 3 scrolls of fear
 N - a scroll of summoning
 O - 3 scrolls of blinking
 X - a scroll of identify
Potions
 d - a potion of invisibility
 e - 3 potions of cancellation
 p - 6 potions of haste
 s - 5 potions of might
 t - 3 potions of attraction
 v - 3 potions of brilliance
 A - a potion of resistance
 I - a potion of heal wounds
 J - 4 potions of mutation
 Q - 11 potions of curing
 T - 3 potions of magic
 V - a potion of ambrosia
 Y - 2 potions of berserk rage
Miscellaneous
 P - a box of beasts


   Skills:
 + Level 11.4 Fighting
 + Level 10.5 Short Blades
 + Level 10.5 Long Blades
 + Level 10.5 Axes
 + Level 10.5 Maces & Flails
 + Level 11.4 Polearms
 + Level 10.5 Staves
 + Level 10.5 Slings
 + Level 10.5 Bows
 + Level 10.5 Crossbows
 + Level 10.8 Throwing
 + Level 10.8 Armour
 + Level 11.4 Dodging
 + Level 10.5 Stealth
 + Level 10.5 Shields
 + Level 10.5 Unarmed Combat
 + Level 11.6 Spellcasting
 + Level 8.8 Conjurations
 + Level 8.8 Hexes
 + Level 8.8 Summonings
 + Level 8.8 Necromancy
 + Level 10.4 Translocations
 + Level 8.8 Transmutations
 + Level 8.8 Fire Magic
 + Level 8.8 Ice Magic
 + Level 8.8 Air Magic
 + Level 8.8 Earth Magic
 + Level 8.8 Poison Magic
 + Level 11.4 Invocations
 + Level 10.5 Evocations


You had 12 spell levels left.
You knew the following spells:

 Your Spells              Type           Power      Damage    Failure   Level
a - Blink                 Tloc           100%       N/A       1%          2
b - Gell's Gravitas       Tloc           70%        N/A       1%          3
c - Ozocubu's Armour      Ice            64%        N/A       1%          3
d - Dazzling Flash        Conj/Hex       100%       N/A       1%          3
e - Confusing Touch       Hex            64%        N/A       1%          3
f - Mephitic Cloud        Conj/Pois/Air  64%        N/A       1%          3
g - Leda's Liquefaction   Hex/Erth       32%        N/A       1%          4
h - Dispel Undead         Necr           64%        3d22      1%          4

Your spell library contained the following spells:

 Spells                   Type           Power      Damage    Failure   Level
 Magic Dart               Conj           100%       1d8       1%          1
 Pain                     Necr           100%       1d9       1%          1
 Searing Ray              Conj           100%       2d8       1%          2
 Static Discharge         Conj/Air       64%        N/A       1%          2
 Ignite Poison            Fire/Tmut/Pois 64%        N/A       1%          3
 Lesser Beckoning         Tloc           70%        N/A       1%          3
 Teleport Other           Tloc           70%        N/A       1%          3
 Fulminant Prism          Conj/Hex       32%        3d16      1%          4
 Iskenderun's Mystic Bla  Conj/Tloc      67%        2d14      1%          4
 Sticky Flame             Conj/Fire      64%        2d8       1%          4
 Manifold Assault         Tloc           70%        N/A       2%          5
 Agony                    Necr           64%        N/A       4%          5
 Excruciating Wounds      Necr           32%        N/A       4%          5
 Freezing Cloud           Conj/Ice/Air   32%        6-21      4%          5
 Lee's Rapid Deconstruct  Erth           32%        3d17*     4%          5
 Metabolic Englaciation   Hex/Ice        32%        N/A       4%          5
 Silence                  Hex/Air        32%        N/A       4%          5
 Starburst                Conj/Fire      32%        6d10      24%         6
 Dragon Form              Tmut           32%        N/A       80%         7
 Ozocubu's Refrigeration  Ice            32%        4d11      80%         7
 Storm Form               Tmut/Air       32%        N/A       80%         7
 Maxwell's Capacitive Co  Air            32%        ∞         100%        8
 Polar Vortex             Ice            32%        N/A       100%        9
 Summon Guardian Golem    Hex/Summ       Unusable   N/A       N/A         3
 Summon Lightning Spire   Summ/Air       Unusable   N/A       N/A         4
 Simulacrum               Ice/Necr       Unusable   N/A       N/A         6

Dungeon Overview and Level Annotations

Branches:
Dungeon (14/15)            Temple (1/1) D:4            Lair (6/6) D:9
 Shoals (0/4) Lair:3        Snake (1/4) Lair:2        Slime (0/5) Lair:6
    Orc (0/2) D:9          Vaults (0/5) D:14         Bailey (visited)
Gauntlet (visited)

Altars:
Ashenzari
Cheibriados
Dithmenos
Elyvilon
Fedhas
Gozag
Hepliaklqana
Kikubaaqudgha
Makhleb
Nemelex Xobeh
Okawaru
Qazlal
Ru
Sif Muna
Trog
Uskayaw
Vehumet
Wu Jian
Xom
Yredelemnul
Zin
The Shining One
Jiyva

Shops:
D:3 [   D:6 :*[!?   D:7 **   D:9 [(   D:10 [

Portals:
Trove: D:11 (give 9 potions of haste)

Annotations:
D:9 3 runed translucent doors, exclusion: 3 doors, Smoky173's ghost, novice MiBe


Innate Abilities, Weirdness & Mutations

You have very sharp teeth.
Your uncanny sense of smell can sniff out nearby items.
Your experience applies equally to all skills.


Message History

The thorn hunter closely misses you. The thorn hunter misses you.
Unknown command.
You slice the thorn hunter!!
The thorn hunter is heavily damaged.
The thorn hunter gestures. x2
The thorn hunter fires a volley of thorns at you.
The volley of thorns hits you!!
* * * LOW HITPOINT WARNING * * *
Unknown command.
Unknown command.
You feel much better.
The thorn hunter hits you but does no damage.
You block the thorn hunter's attack.
The thorn hunter gestures.
The thorn hunter hits you but does no damage.
You block the thorn hunter's attack.
Unknown command.
Casting: Confusing Touch (safe; 1% risk of failure)
Confirm with . or Enter, or press ? or * to list all spells.
You can't see any susceptible monsters within range! (Use Z to cast anyway.) Unknown command.
Casting: Confusing Touch (safe; 1% risk of failure)
Confirm with . or Enter, or press ? or * to list all spells.
Your hands begin to glow red.
The thorn hunter hits you!
* * * LOW HITPOINT WARNING * * *
The thorn hunter hits you but does no damage.
Unknown command.
You hit the thorn hunter but do no damage.
The thorn hunter is heavily damaged.
The briar patch crumbles away. x2
The thorn hunter fires a volley of thorns at you.
The volley of thorns reflects off an invisible shield around you!
The volley of thorns hits the thorn hunter!
Unknown command.
You hit the thorn hunter but do no damage.
The thorn hunter is severely damaged.
The briar patch crumbles away. x2
The thorn hunter fires a volley of thorns at you.
The volley of thorns hits you!!
You die...

........#
........#### #
........≈≈≈##≈≈ #
...(..≈≈≈≈≈≈≈ .###.
#...≈≈≈≈#
#PP..#####.(≈≈#≈#≈≈
###P......P...≈≈≈≈≈≈≈
#..PP.........#≈#≈≈≈≈
#..P......@fPPP#≈≈.P≈
...PP.......PP#.≈≈≈..
...PP.........#≈..≈##
...P........##≈#≈≈#≈#
...P......### #≈#≈≈#≈
#.......### ≈≈≈≈≈≈
..#####)# ≈≈≈≈≈ ###.#
≈≈# #...# #...#######


You could see a thorn hunter.

Vanquished Creatures
  Rupert (D:14)
  Gastronok (Lair:3)
  Agnes (D:14)
  An ironbound preserver (D:14)
  The ghost of Zero0 the Severer, a journeyman HOFi of Trog (Lair:5)
  Azrael (D:14)
  Nessos (D:14)
  A minotaur (Gauntlet)
  Snorg (D:12)
  5 boulder beetles
  A naga warrior (Snake:1)
  9 hydras
  2 centaur warriors
  A catoblepas (Lair:6)
  3 two-headed ogres
  Sonja (Lair:3)
  A naga ritualist (Snake:1)
  5 lindwurms
  2 wizards (D:11)
  2 deep elf pyromancers
  A wolf spider (Lair:5)
  4 manticores
  6 ugly things
  11 elephants
  3 cyclopes (D:14)
  Joseph (D:8)
  An eye of devastation (Gauntlet)
  3 torpor snails
  A naga mage (Snake:1)
  6 black mambas
  An unseen horror (D:12)
  21 cane toads
  4 kobold demonologists
  2 efreet
  A rime drake (Lair:4)
  13 komodo dragons
  A freezing wraith (D:14)
  2 tengu conjurers
  A wolf spider simulacrum (D:14)
  4 polar bears
  6 trolls
  A meliai zombie (D:10)
  4 tyrant leeches
  9 slime creatures
  17 blink frogs
  20 dream sheep
  3 flying skulls (Gauntlet)
  3 spriggans (Lair:3)
  A shadow (D:13)
  A vampire (D:14)
  4 basilisks
  3 wraiths
  68 yaks
  2 fire elementals (D:14)
  24 vampire mosquitoes
  2 swamp worms (Gauntlet)
  2 nagas (Snake:1)
  Duvessa (D:4)
  3 acid dragons (D:12)
  Menkaure (D:4)
  11 water moccasins
  A floating eye (Gauntlet)
  4 hell hounds (D:14)
  A hornet zombie (D:7)
  9 orc warriors
  2 ice beasts
  An ogre (D:6)
  27 wolves
  4 black bears
  8 centaurs
  5 kobold brigands
  4 gnoll sergeants
  10 bullfrogs
  Dowan (D:4)
  A water moccasin skeleton (D:4)
  3 killer bees (D:9)
  5 wights (D:8)
  2 howler monkeys (D:8)
  3 electric eels
  A bullfrog zombie (D:3)
  4 centaur zombies
  2 hounds
  6 jellies
  2 centaur skeletons
  A gnoll shaman (D:7)
  6 orc priests
  4 iguanas
  13 orc wizards
  Natasha (thrice) (D:3 D:2)
  4 hell rats (Lair:6)
  A hound skeleton (D:4)
  27 gnolls
  5 adders
  2 white imps
  2 ufetubi
  An adder skeleton (D:4)
  2 worms (D:2)
  A dart slug (D:5)
  41 orcs
  9 ball pythons
  3 bats
  11 endoplasms
  A giant cockroach (D:2)
  10 hobgoblins
  30 kobolds
  3 quokkas
  3 frilled lizards
  8 goblins
  6 rats
  A spectral kobold (D:1)
  5 briar patches (Snake:1)
623 creatures vanquished.

Vanquished Creatures (others)
  A rakshasa (D:14)
  2 orc wizards
  71 fungi
  127 plants
  14 withered plants (Gauntlet)
215 creatures vanquished.

Grand Total: 838 creatures vanquished

Notes
Turn   | Place    | Note
-------+----------+-------------------------------------------
     0 | D:1      | Ablot the Gnoll Warper began the quest for the Orb.
     0 | D:1      | Reached XP level 1. HP: 20/20 MP: 6/6
   125 | D:1      | Reached XP level 2. HP: 26/26 MP: 7/7
   233 | D:1      | Found a faded altar of an unknown god.
   709 | D:2      | Reached XP level 3. HP: 31/31 MP: 9/9
   713 | D:2      | Reached skill level 5 in Spellcasting
   854 | D:2      | Reached skill level 1 in Invocations
   912 | D:1      | Reached skill level 1 in Short Blades
   912 | D:1      | Reached skill level 1 in Long Blades
   912 | D:1      | Reached skill level 1 in Axes
   912 | D:1      | Reached skill level 1 in Maces & Flails
   912 | D:1      | Reached skill level 1 in Staves
   912 | D:1      | Reached skill level 1 in Slings
   912 | D:1      | Reached skill level 1 in Bows
   912 | D:1      | Reached skill level 1 in Crossbows
   912 | D:1      | Reached skill level 1 in Stealth
   912 | D:1      | Reached skill level 1 in Shields
   912 | D:1      | Reached skill level 1 in Unarmed Combat
   912 | D:1      | Reached skill level 1 in Evocations
   915 | D:1      | Learned a level 2 spell: Blink
   953 | D:2      | Reached XP level 4. HP: 6/38 MP: 11/11
  1020 | D:2      | Found a shimmering altar of Xom.
  1343 | D:2      | Reached skill level 1 in Conjurations
  1343 | D:2      | Reached skill level 1 in Hexes
  1343 | D:2      | Reached skill level 1 in Summonings
  1343 | D:2      | Reached skill level 1 in Necromancy
  1343 | D:2      | Reached skill level 1 in Transmutations
  1343 | D:2      | Reached skill level 1 in Fire Magic
  1343 | D:2      | Reached skill level 1 in Ice Magic
  1343 | D:2      | Reached skill level 1 in Air Magic
  1343 | D:2      | Reached skill level 1 in Earth Magic
  1343 | D:2      | Reached skill level 1 in Poison Magic
  1464 | D:3      | Noticed Natasha
  1464 | D:3      | Found a hide-covered altar of Uskayaw.
  1473 | D:3      | Killed Natasha
  1474 | D:3      | Reached XP level 5. HP: 38/43 MP: 12/12
  1485 | D:3      | Identified the ring of the Lotus Blossom {rF- rC+ AC+4
                  | Int+4}
  1495 | D:3      | Noticed Natasha
  1520 | D:2      | Killed Natasha
  1660 | D:2      | Noticed Natasha
  1683 | D:2      | Killed Natasha
  1736 | D:3      | Found Haofept's Antique Armour Shoppe.
  2150 | D:3      | Reached XP level 6. HP: 50/50 MP: 13/13
  2402 | D:3      | Bought a twisted leather armour for 147 gold pieces
  2402 | D:3      | Identified the +2 leather armour "Waikhlupn" {Will- Dex+8}
                  | (You bought it in a shop on level 3 of the Dungeon)
  2488 | D:4      | Noticed Duvessa
  2488 | D:4      | Noticed a black bear
  2571 | D:4      | Reached skill level 5 in Fighting
  2571 | D:4      | Reached skill level 5 in Polearms
  2571 | D:4      | Reached skill level 5 in Dodging
  2650 | D:4      | Noticed Menkaure
  2750 | D:3      | Killed a black bear
  2956 | D:4      | Killed Menkaure
  2957 | D:4      | Reached XP level 7. HP: 15/56 MP: 15/15
  3203 | D:4      | Found a shimmering blue altar of Sif Muna.
  3595 | D:4      | Found a staircase to the Ecumenical Temple.
  3606 | Temple   | Entered the Ecumenical Temple
  3838 | Temple   | Became a worshipper of Warmaster Okawaru
  3904 | D:5      | Entered Level 5 of the Dungeon
  4194 | D:5      | Identified the +5 war axe of Amortisation {drain, rElec rC-
                  | Str+4 Stlth+}
  4318 | D:5      | Reached XP level 8. HP: 62/63 MP: 16/16
  4724 | D:5      | Identified the +2 robe "Dyeblyfe" {rElec Str+4 Int+2
                  | Slay+3}
  4746 | D:5      | Learned a level 3 spell: Gell's Gravitas
  5013 | D:6      | Found Aliugril's General Store.
  5015 | D:6      | Found Satwog's Book Emporium.
  5017 | D:6      | Found Liast's Distillery.
  5017 | D:6      | Found Yxzahad's Antique Armour Emporium.
  5045 | D:6      | Bought a potion of heal wounds for 55 gold pieces
  5045 | D:6      | Bought a potion of curing for 33 gold pieces
  5045 | D:6      | Bought a potion of degeneration for 11 gold pieces
  5152 | D:6      | Reached * piety under Okawaru
  5580 | D:6      | Found Ixaheatt's Magic Scroll Boutique.
  5587 | D:6      | Bought a scroll of identify for 20 gold pieces
  6038 | D:7      | Reached XP level 9. HP: 69/69 MP: 18/18
  6109 | D:7      | Reached ** piety under Okawaru
  6178 | D:7      | Found Cyjeodeb's General Store.
  6181 | D:7      | Found Cucalyc's Specific Store.
  6347 | D:7      | Reached skill level 5 in Throwing
  6347 | D:7      | Reached skill level 5 in Armour
  6476 | D:7      | Found a stormy altar of Qazlal.
  6479 | D:7      | Found a burning altar of Makhleb.
  6484 | D:7      | Found a radiant altar of Vehumet.
  6486 | D:7      | Found a broken altar of Ashenzari.
  6486 | D:7      | Found an ornate altar of the Wu Jian Council.
  6488 | D:7      | Found an ancient bone altar of Kikubaaqudgha.
  6490 | D:7      | Found a snail-covered altar of Cheibriados.
  6707 | D:8      | Noticed Joseph
  6810 | D:8      | Killed Joseph
  6873 | D:8      | Reached skill level 5 in Invocations
  6941 | D:8      | Reached *** piety under Okawaru
  6946 | D:8      | Reached XP level 10. HP: 75/77 MP: 16/20
  6953 | D:8      | Reached skill level 5 in Short Blades
  6953 | D:8      | Reached skill level 5 in Long Blades
  6953 | D:8      | Reached skill level 5 in Axes
  6953 | D:8      | Reached skill level 5 in Maces & Flails
  6953 | D:8      | Reached skill level 5 in Staves
  6953 | D:8      | Reached skill level 5 in Slings
  6953 | D:8      | Reached skill level 5 in Bows
  6953 | D:8      | Reached skill level 5 in Crossbows
  6953 | D:8      | Reached skill level 5 in Stealth
  6953 | D:8      | Reached skill level 5 in Shields
  6953 | D:8      | Reached skill level 5 in Unarmed Combat
  6953 | D:8      | Reached skill level 5 in Evocations
  6982 | D:8      | Found a shadowy altar of Dithmenos.
  7123 | D:8      | Reached **** piety under Okawaru
  7145 | D:8      | Identified the ring "Oddiajiza" {Fly rC+}
  7253 | D:8      | Found a glowing golden altar of the Shining One.
  7569 | D:8      | Found the +8 demon blade "Leech" {vamp, Harm Drain rN+}
  7569 | D:8      | Noticed a lindwurm
  7570 | D:8      | Noticed a lindwurm
  7570 | D:8      | Noticed a lindwurm
  7571 | D:8      | Noticed a lindwurm
  7678 | D:7      | Bought a scroll of fog for 20 gold pieces
  7789 | D:6      | Bought a scroll of teleportation for 30 gold pieces
  7951 | D:4      | Noticed Dowan
  7961 | D:4      | Killed Duvessa
  7978 | D:4      | Killed Dowan
  8212 | D:9      | Found Pyepo's Weapon Emporium.
  8212 | D:9      | Found a staircase to the Orcish Mines.
  8212 | D:9      | Found Fadwo's Armour Emporium.
  8238 | D:9      | Noticed a two-headed ogre
  8246 | D:9      | Killed a two-headed ogre
  8246 | D:9      | Received a gift from Okawaru
  8305 | D:9      | Found a runed translucent gate.
  8305 | D:9      | Found a runed translucent gate.
  8305 | D:9      | Found a viscous altar of Jiyva.
  8305 | D:9      | Found a runed translucent gate.
  8305 | D:9      | Noticed Smoky173's ghost (novice MiBe)
  8337 | D:9      | Found a staircase to the Lair.
  8357 | D:9      | Reached XP level 11. HP: 80/84 MP: 22/22
  8363 | D:9      | Found a flagged portal.
  8409 | Bailey   | Entered a bailey
  8499 | Bailey   | Reached ***** piety under Okawaru
  8760 | D:9      | Found a sacrificial altar of Ru.
  8784 | D:9      | Reached skill level 5 in Conjurations
  8784 | D:9      | Reached skill level 5 in Hexes
  8784 | D:9      | Reached skill level 5 in Summonings
  8784 | D:9      | Reached skill level 5 in Necromancy
  8784 | D:9      | Reached skill level 5 in Transmutations
  8784 | D:9      | Reached skill level 5 in Fire Magic
  8784 | D:9      | Reached skill level 5 in Ice Magic
  8784 | D:9      | Reached skill level 5 in Air Magic
  8784 | D:9      | Reached skill level 5 in Earth Magic
  8784 | D:9      | Reached skill level 5 in Poison Magic
  9274 | D:9      | Learned a level 3 spell: Ozocubu's Armour
  9345 | D:9      | Found a blossoming altar of Fedhas.
  9490 | D:10     | Entered Level 10 of the Dungeon
  9521 | D:10     | Learned a level 3 spell: Dazzling Flash
  9623 | D:10     | Noticed a two-headed ogre
  9631 | D:10     | Killed a two-headed ogre
  9664 | D:10     | Found Juir's Armour Boutique.
  9750 | D:10     | Received a gift from Okawaru
  9986 | D:10     | HP: 4/86 [efreet/bolt of fire (30)]
 10382 | D:11     | Noticed a wizard
 10392 | D:11     | Noticed a wizard
 10413 | D:11     | Killed a wizard
 10413 | D:11     | Identified the +1 dagger "Vopp" {freeze, rC+} (Okawaru
                  | gifted it to you on level 11 of the Dungeon)
 10413 | D:11     | Received a gift from Okawaru
 10477 | D:11     | Killed a wizard
 10512 | D:11     | Got the Catalogue of Beguiling and Transmutation
 10517 | D:11     | Learned a level 3 spell: Confusing Touch
 10582 | D:11     | Reached XP level 12. HP: 82/94 MP: 24/24
 10994 | D:11     | Found a portal to a secret trove of treasure.
 11139 | D:11     | Noticed a soul eater
 11590 | D:12     | Learned a level 3 spell: Mephitic Cloud
 11662 | D:12     | Noticed a two-headed ogre
 11717 | D:12     | Killed a two-headed ogre
 12002 | D:12     | Received a gift from Okawaru
 12136 | D:12     | Noticed a five-headed hydra
 12152 | D:12     | Killed a two-headed hydra
 12152 | D:12     | Identified the +1 pair of boots "Juxkoj" {rC+ MP-9 Int+8
                  | Stlth+} (Okawaru gifted it to you on level 12 of the
                  | Dungeon)
 12152 | D:12     | Received a gift from Okawaru
 12271 | D:12     | Noticed Snorg
 12295 | D:12     | Killed Snorg
 12707 | D:12     | Noticed a boulder beetle
 12717 | D:12     | Killed a boulder beetle
 12907 | D:13     | Noticed a centaur warrior
 12943 | D:13     | Noticed a boulder beetle
 12974 | D:13     | Killed a boulder beetle
 12975 | D:13     | Reached XP level 13. HP: 98/101 MP: 17/26
 13990 | D:7      | Bought the +3 pair of gauntlets of War {Slay+5} for 475
                  | gold pieces
 13990 | D:7      | Found the +3 pair of gauntlets of War {Slay+5}
 14012 | D:7      | Learned a level 4 spell: Leda's Liquefaction
 14071 | Lair:1   | Entered Level 1 of the Lair of Beasts
 14538 | Lair:1   | Reached ****** piety under Okawaru
 14633 | Lair:1   | Identified the +0 cloak "Otwokunu" {rF+ rC- Int+4} (Okawaru
                  | gifted it to you on level 1 of the Lair of Beasts)
 14633 | Lair:1   | Received a gift from Okawaru
 15220 | Lair:2   | Found a staircase to the Snake Pit.
 15313 | Lair:2   | Found a white marble altar of Elyvilon.
 16519 | Lair:3   | Found a staircase to the Shoals.
 16528 | Lair:3   | Reached skill level 10 in Spellcasting
 16705 | Lair:3   | Noticed Sonja
 16803 | Lair:3   | Killed Sonja
 17365 | Lair:3   | Noticed Gastronok
 17386 | Lair:3   | Killed Gastronok
 17657 | Lair:4   | Reached skill level 10 in Fighting
 17657 | Lair:4   | Reached skill level 10 in Polearms
 17657 | Lair:4   | Reached skill level 10 in Dodging
 17661 | Lair:4   | Reached XP level 14. HP: 110/110 MP: 19/28
 17741 | Lair:4   | Identified the +6 chain mail of Painted Liberty {Harm
                  | Str+2} (Okawaru gifted it to you on level 4 of the Lair of
                  | Beasts)
 17741 | Lair:4   | Received a gift from Okawaru
 18714 | Lair:5   | Found a gate leading to a gauntlet.
 18724 | Gauntlet | Entered a Gauntlet
 18724 | Gauntlet | Found a transporter.
 18733 | Gauntlet | Found a transporter.
 18748 | Gauntlet | Found a transporter.
 18753 | Gauntlet | Found a transporter.
 18773 | Gauntlet | Found a transporter.
 18787 | Gauntlet | Found a transporter.
 18807 | Gauntlet | Found a transporter.
 18819 | Gauntlet | Found a transporter.
 18831 | Gauntlet | Found a transporter.
 18843 | Gauntlet | Found a transporter.
 18860 | Gauntlet | Found a transporter.
 18878 | Gauntlet | Found a transporter.
 18880 | Gauntlet | Found a transporter.
 18936 | Gauntlet | Found a transporter.
 18936 | Gauntlet | Found a transporter.
 18936 | Gauntlet | Found a transporter.
 18969 | Gauntlet | Found a transporter.
 18971 | Gauntlet | Found a transporter.
 19472 | Gauntlet | Reached skill level 10 in Invocations
 19485 | Gauntlet | Got the Disquisition on Beguiling
 19490 | Gauntlet | Identified the ring "Tyolot" {MP+9 Dex+3}
 19543 | Gauntlet | Identified 2 scrolls of acquirement
 19543 | Gauntlet | Acquired 1209 gold pieces
 19594 | Gauntlet | Acquired 647 gold pieces
 20047 | Lair:5   | Found a runed translucent gate.
 20048 | Lair:5   | Found a runed translucent gate.
 20049 | Lair:5   | Found a runed translucent gate.
 20059 | Lair:5   | Noticed Zero0's ghost (journeyman HOFi)
 21084 | Lair:5   | Received a gift from Okawaru
 21325 | D:9      | Bought the +2 shield of Resistance {rF++ rC++ Will++} for
                  | 973 gold pieces
 21325 | D:9      | Found the +2 shield of Resistance {rF++ rC++ Will++}
 21379 | D:8      | Received a gift from Okawaru
 21635 | Lair:5   | Reached skill level 10 in Throwing
 21635 | Lair:5   | Reached skill level 10 in Armour
 21638 | Lair:5   | HP: 4/111 [Zero0's ghost (13)]
 21656 | Lair:5   | HP: 2/111 [Zero0's ghost (20)]
 21663 | Lair:5   | Killed Zero0's ghost
 22199 | Lair:6   | Entered Level 6 of the Lair of Beasts
 22275 | Lair:6   | Received a gift from Okawaru
 22417 | Lair:6   | Reached XP level 15. HP: 96/117 MP: 29/29
 22673 | Lair:6   | Identified the +3 ring mail of Okawaru's Condemnation
                  | {Int+4 Slay+3} (Okawaru gifted it to you on level 6 of the
                  | Lair of Beasts)
 22673 | Lair:6   | Received a gift from Okawaru
 22891 | Lair:6   | Reached skill level 10 in Translocations
 23128 | Lair:6   | Reached skill level 10 in Short Blades
 23128 | Lair:6   | Reached skill level 10 in Long Blades
 23128 | Lair:6   | Reached skill level 10 in Axes
 23128 | Lair:6   | Reached skill level 10 in Maces & Flails
 23128 | Lair:6   | Reached skill level 10 in Staves
 23128 | Lair:6   | Reached skill level 10 in Slings
 23128 | Lair:6   | Reached skill level 10 in Bows
 23128 | Lair:6   | Reached skill level 10 in Crossbows
 23128 | Lair:6   | Reached skill level 10 in Stealth
 23128 | Lair:6   | Reached skill level 10 in Shields
 23128 | Lair:6   | Reached skill level 10 in Unarmed Combat
 23128 | Lair:6   | Reached skill level 10 in Evocations
 23781 | Lair:6   | Found a staircase to the Slime Pits.
 24688 | D:14     | Noticed Nessos
 24694 | D:14     | Killed Nessos
 24878 | D:14     | Noticed Rupert
 24920 | D:14     | Killed Rupert
 25215 | D:14     | Learned a level 4 spell: Dispel Undead
 25299 | D:14     | Received a gift from Okawaru
 25329 | D:14     | Noticed Agnes
 25503 | D:14     | Killed Agnes
 25522 | D:14     | Found a gate to the Vaults.
 25573 | D:14     | Noticed Azrael
 25598 | D:14     | Killed Azrael
 26095 | Snake:1  | Entered Level 1 of the Snake Pit
 26514 | Snake:1  | Noticed a thorn hunter
 26516 | Snake:1  | Received a gift from Okawaru
 26531 | Snake:1  | Killed from afar by a thorn hunter

Illustrated notes

Levels and vault maps discovered:
D:1:      giann_bridges, layout_basic,
          dreamdust_ecumenical_altar_drowned_temple, supply_closet_lemuel
D:2:      layout_rooms, basic_altar, minmay_misc_feat_more_columns,
          minmay_joined_circles
D:3:      layout_loops_ring, mainiacjoe_overflow_tiny_flanked, serial_shops,
          nicolae_shop_competitors_out_of_business, uniq_natasha
D:4:      layout_rooms, led_sif_book, minmay_temple_entry_poolview, minivault_4,
          kennysheep_decorative_pillar, minmay_misc_feat_pillars, uniq_duvessa,
          uniq_menkaure
D:5:      layout_basic
D:6:      layout_basic, serial_shops,
          nicolae_shop_temple_entry_statues_fountains, minivault_1,
          minmay_shop_grid_forest, serial_bayou_lake_a
D:7:      layout_loops_ring, minitemple, nicolae_specific_store
D:8:      layout_cave_pods, mainiacjoe_overflow_alcove_2, lemuel_round_altar,
          minmay_lindwurm_lava, uniq_joseph
D:9:      layout_irregular_city, fedhas_altar_4,
          mainiacjoe_overflow_six_doors_small, orc_david_3,
          gammafunk_ghost_ooze, enter_bailey_2, lemuel_old_faithful
D:10:     layout_roguey, serial_shops, nicolae_shop_window_shopping,
          minivault_16
D:11:     cheibrodos_wizards_tower, layout_gridville,
          nicolae_trove_entry_crystal
D:12:     layout_irregular_city, uniq_snorg
D:13:     layout_roguey
D:14:     layout_basic, skrybe_vaults_entry_preservation,
          minmay_misc_feat_four_crosses, uniq_agnes, uniq_nessos, uniq_azrael,
          uniq_rupert
Temple:   compressed_dpeg_triangle_lava_temple
Lair:1:   layout_regular_city, infiniplex_staircase_pool, serial_bayou_shore_b,
          grunt_megastairs_5, serial_bayou_shore_b
Lair:2:   hellmonk_warped_wall, layout_loops_ring, guppyfry_snake_entry_island,
          lemuel_centaur_altar, lemuel_fruit_tree
Lair:3:   layout_layer_cave, elwin_shoals_entry_rocks,
          chequers_serial_rivers_micro_b, wad_woods_02, uniq_gastronok,
          uniq_sonja
Lair:4:   layout_regular_city, chequers_serial_rivers_marsh
Lair:5:   layout_concentric_octagons, gauntlet_entry_generic,
          gammafunk_ghost_split, columned_hall_lemuel,
          nicolae_quartered_pool_impasse, serial_bayou_pond_a,
          nicolae_lair_run_with_the_wolves, grunt_megastairs_3
Lair:6:   minmay_lair_end_frog_pond, layout_layer_cave,
          minmay_slime_entry_pillars, st_stairs_12
Snake:1:  onia_ninara_swampy_vault, layout_chambers, st_stairs_3

Skill      XL: |  1  2  3  4  5  6  7  8  9 10 11 12 13 14 15 |
---------------+----------------------------------------------+-----
Spellcasting   | 5 6 7 8 9 10 11 | 11.6
Invocations    | 1 2 3 4 5 6 7 8 9 10 11 | 11.4
Short Blades   | 1 2 3 4 5 6 7 8 9 10 | 10.5
Long Blades    | 1 2 3 4 5 6 7 8 9 10 | 10.5
Axes           | 1 2 3 4 5 6 7 8 9 10 | 10.5
Maces & Flails | 1 2 3 4 5 6 7 8 9 10 | 10.5
Staves         | 1 2 3 4 5 6 7 8 9 10 | 10.5
Slings         | 1 2 3 4 5 6 7 8 9 10 | 10.5
Bows           | 1 2 3 4 5 6 7 8 9 10 | 10.5
Crossbows      | 1 2 3 4 5 6 7 8 9 10 | 10.5
Stealth        | 1 2 3 4 5 6 7 8 9 10 | 10.5
Shields        | 1 2 3 4 5 6 7 8 9 10 | 10.5
Unarmed Combat | 1 2 3 4 5 6 7 8 9 10 | 10.5
Evocations     | 1 2 3 4 5 6 7 8 9 10 | 10.5
Conjurations   | 1 2 3 4 5 6 7 8 |  8.8
Hexes          | 1 2 3 4 5 6 7 8 |  8.8
Summonings     | 1 2 3 4 5 6 7 8 |  8.8
Necromancy     | 1 2 3 4 5 6 7 8 |  8.8
Transmutations | 1 2 3 4 5 6 7 8 |  8.8
Fire Magic     | 1 2 3 4 5 6 7 8 |  8.8
Ice Magic      | 1 2 3 4 5 6 7 8 |  8.8
Air Magic      | 1 2 3 4 5 6 7 8 |  8.8
Earth Magic    | 1 2 3 4 5 6 7 8 |  8.8
Poison Magic   | 1 2 3 4 5 6 7 8 |  8.8
Throwing       | 3 4 5 6 7 8 9 10 | 10.8
Armour         | 3 4 5 6 7 8 9 10 | 10.8
Fighting       | 5 6 7 8 9 10 11 | 11.4
Polearms       | 5 6 7 8 9 10 11 | 11.4
Dodging        | 5 6 7 8 9 10 11 | 11.4
Translocations | 6 7 8 9 10 | 10.4

Action                   |  1- 3 |  4- 6 |  7- 9 | 10-12 | 13-15 || total
-------------------------+-------+-------+-------+-------+-------++-------
Melee: Spear             |   152 |   273 |   163 |       |       ||   588
       Bite              |     9 |    27 |    50 |    85 |   159 ||   330
       Punch             |     1 |     5 |    10 |       |       ||    16
       War axe           |       |       |   180 |   540 |   841 ||  1561
       Scimitar          |       |       |       |     4 |    82 ||    86
Throw: Boomerang         |     1 |       |       |     3 |       ||     4
       Stone             |       |     4 |       |       |       ||     4
       Dart              |       |       |       |    11 |    10 ||    21
       Javelin           |       |       |       |       |     7 ||     7
 Cast: Gell's Gravitas   |       |       |     1 |       |       ||     1
       Dazzling Flash    |       |       |       |    17 |    25 ||    42
       Ozocubu's Armour  |       |       |       |     2 |    15 ||    17
       Mephitic Cloud    |       |       |       |     2 |     6 ||     8
       Blink             |       |       |       |     1 |    11 ||    12
       Confusing Touch   |       |       |       |       |    10 ||    10
Invok: Heroism           |       |       |     1 |    12 |    11 ||    24
       Finesse           |       |       |       |     1 |     2 ||     3
Evoke: Wand              |       |       |       |       |    12 ||    12
       Lightning rod     |       |       |       |       |     4 ||     4
  Use: Scroll            |       |       |       |    17 |    16 ||    33
       Potion            |       |       |       |     1 |     4 ||     5
 Stab: Sleeping          |       |     4 |     6 |     9 |    33 ||    52
       Distracted        |       |     1 |       |     1 |     4 ||     6
       Invisible         |       |       |       |     9 |    13 ||    22
       Confused          |       |       |       |     2 |     7 ||     9
       Petrifying        |       |       |       |       |     1 ||     1
       Petrified         |       |       |       |       |     1 ||     1
Armor: Leather armour    |    22 |   104 |    63 |       |       ||   189
       Robe              |       |       |    88 |   211 |   238 ||   537
       Ring mail         |       |       |       |       |    26 ||    26
Dodge: Dodged            |    65 |   169 |   222 |   380 |   433 ||  1269
Block: Buckler           |       |       |    10 |   221 |   252 ||   483
       Kite shield       |       |       |       |       |   338 ||   338
       Reflection        |       |       |       |       |    10 ||    10
